 Dungeon Crawl Stone Soup version 0.30.1-3-gfc49f6343a (webtiles) character file.

Game seed: 9418705591248605963

597 LynnLen the Sneak (level 7, -1/32 HPs)
             Began as a Spriggan Enchanter on Aug 4, 2023.
             Slain by an orc wizard
             ... wielding a +0 dagger
              (2 damage)
             ... on level 4 of the Dungeon.
             The game lasted 00:10:48 (3889 turns).

LynnLen the Sneak (Spriggan Enchanter)              Turns: 3889, Time: 00:10:48

Health: -1/32      AC:  3    Str:  4    XL:     7   Next: 17%
Magic:  10/14      EV: 25    Int: 19    God:
Gold:   179        SH:  0    Dex: 21    Spells: 6/14 levels left

rFire   . . .        A - +2 dagger (freeze)
rCold   . . .        k - orb {guile}
rNeg    . . .        b - +0 robe
rPois   .            (helmet restricted)
rElec   .            o - +0 cloak
rCorr   .            (gloves unavailable)
SInv    +            (boots unavailable)
Will    .....        (no amulet)
Stlth   ++++         d - +5 ring of evasion
HPRegen 0.25/turn    s - +6 ring of dexterity
MPRegen 0.14/turn

%: no passive effects
@: very quick
A: very small, no large weapons, unfitting armour, see invisible, speed 3
a: no special abilities


You were on level 4 of the Dungeon.
You visited 1 branch of the dungeon, and saw 4 of its levels.

You collected 179 gold pieces.

Inventory:

Hand Weapons
 x - a +1 dagger of venom
 A - a +2 dagger of freezing (weapon)
Missiles
 j - 6 poisoned darts
Armour
 b - a +0 robe (worn)
 k - an orb of guile (worn)
 o - a +0 cloak (worn)
Jewellery
 d - a +5 ring of evasion (left hand)
 r - a ring of resist corrosion
 s - a +6 ring of dexterity (right hand)
Wands
 u - a wand of digging (3)
 v - a wand of flame (23)
 B - a wand of mindburst (9)
Scrolls
 f - a scroll of fog {unknown}
 g - 3 scrolls of blinking
 h - a scroll of poison {unknown}
 m - 2 scrolls of fear {unknown}
 n - a scroll of noise {unknown}
 q - a scroll of vulnerability {unknown}
 t - a scroll of enchant weapon {unknown}
 y - a scroll of immolation {unknown}
 C - 3 scrolls of identify
Potions
 a - a potion of heal wounds {unknown}
 c - 3 potions of invisibility
 e - 2 potions of lignification {unknown}
 i - 2 potions of curing
 l - 2 potions of mutation
 p - 2 potions of flight
 w - a potion of brilliance {unknown}
 z - 4 potions of attraction {unknown}


   Skills:
 + Level 3.0 Short Blades
 + Level 4.5 Dodging
 + Level 6.0 Stealth
 + Level 4.2 Spellcasting
 * Level 5.9 Hexes
 * Level 2.8 Ice Magic


You had 6 spell levels left.
You knew the following spells:

 Your Spells              Type           Power      Damage    Failure   Level
a - Ensorcelled Hibernat  Hex/Ice        40%        N/A       3%          2
b - Confusing Touch       Hex            26%        N/A       3%          3
c - Tukima's Dance        Hex            26%        N/A       3%          3

Your spell library contained the following spells:

 Spells                   Type           Power      Damage    Failure   Level
 Dazzling Flash           Conj/Hex       30%        N/A       12%         3
 Lesser Beckoning         Tloc           8%         N/A       21%         2
 Gell's Gravitas          Tloc           4%         N/A       38%         3
 Teleport Other           Tloc           4%         N/A       38%         3
 Volatile Blastmotes      Fire/Tloc      8%         2d10      38%         3
 Iskenderun's Mystic Bla  Conj/Tloc      4%         2d3       80%         4
 Starburst                Conj/Fire      2%         6d3       100%        6


Dungeon Overview and Level Annotations

Branches:
Dungeon (4/15)
 Temple: D:4-7

Altars:
Makhleb

Shops:
D:2 (   D:4 (*

Annotations:
D:4 3 runed translucent doors, Anandil's ghost, amateur DsFi; leafyfresh's ghost, amateur GnDe; safid's ghost, amateur MfIE


Innate Abilities, Weirdness & Mutations

You are very small and have problems with some larger weapons.
You are too small for most types of armour.
You have supernaturally acute eyesight. (SInv)
You cover ground extremely quickly. (Speed+++)


Message History

The orc closely misses you.
You barely miss the orc. The orc hits you but does no damage.
You barely miss the orc priest. The orc priest completely misses you.
The orc closely misses you.
You hit the orc priest but do no damage.
The orc priest calls down the wrath of Beogh upon you.
Beogh smites you!
The orc wizard points at you and mumbles some strange words.
You resist with significant effort. The orc hits you but does no damage.
You hit the orc priest. You freeze the orc priest.
The orc priest is lightly wounded.
The orc priest completely misses you.
The orc wizard points at you and mumbles some strange words.
The magic dart hits you! The orc completely misses you.
You hit the orc priest. You freeze the orc priest.
The orc priest is heavily wounded.
The orc priest misses you. The orc misses you.
You hit the orc priest but do no damage.
The orc priest is heavily wounded.
You barely miss the orc priest.
The orc priest is heavily wounded.
The orc priest looks braver for a moment.
The orc wizard barely misses you. The orc misses you.
You feel better. The orc priest misses you. The orc wizard misses you.
The orc misses you.
Aiming: Ensorcelled Hibernation (safe; 3% risk of failure)
Press: ? - help, Q - select action, (/) - cycle Shift-Dir - straight line, f - orc priest
Aim: an orc priest, wielding a +0 club and wearing a +0 leather armour (heavily wounded, chance to affect: 70%)
The orc priest resists with significant effort.
The orc priest hits you with a +0 club. The orc wizard misses you.
The orc hits you with a +0 flail.
Aiming: Ensorcelled Hibernation (safe; 3% risk of failure)
Press: ? - help, Q - select action, (/) - cycle Shift-Dir - straight line, f/p - orc priest
Aim: an orc priest, wielding a +0 club and wearing a +0 leather armour (heavily wounded, chance to affect: 70%)
The orc priest resists with significant effort.
The orc priest invokes the aid of Beogh against you.
Beogh smites you!
* * * LOW HITPOINT WARNING * * *
The orc wizard hits you with a +0 dagger.
You die...

#.....#................#..†.#..
#.....#........÷.......#...##..
#.....#................#...##..
#....##.......[........+....#..
#....##.....##...##...##...##..
#....#########'####+#########..
#....'............#............
#....#........o...#............
#....#.......o@o..'............
#..∩###..##.####.##..###..###..
#...###..#######.##..###'####..
#....#...#...........#....#....
#.)).#...#...........#....#....
#....#...#...........#....+....
#...##...##...##...####.####.#.
#...############...#########.##
#....#........................#


You could see an orc priest, an orc wizard and an orc.

Vanquished Creatures
  Sigmund (D:2)
  Eustachio (D:4)
  A scorpion (D:4)
  Crazy Yiuf (D:3)
  Ijyb (D:3)
  Natasha (thrice) (D:3)
  3 adders
  3 worms (D:3)
  2 dart slugs (D:3)
  An orc (D:4)
  3 ball pythons
  8 bats
  5 endoplasms
  3 giant cockroaches
  5 goblins
  6 hobgoblins
  8 jackals
  2 quokkas
  3 frilled lizards
  10 kobolds
  2 rats (D:1)
72 creatures vanquished.

Notes
Turn   | Place    | Note
-------+----------+-------------------------------------------
     0 | D:1      | LynnLen the Spriggan Enchanter began the quest for the Orb.
     0 | D:1      | Reached XP level 1. HP: 9/9 MP: 5/5
   294 | D:1      | Reached XP level 2. HP: 11/13 MP: 6/6
   297 | D:1      | Learned a level 2 spell: Ensorcelled Hibernation
  1319 | D:2      | Reached XP level 3. HP: 16/16 MP: 5/8
  1351 | D:2      | Noticed Sigmund
  1632 | D:2      | Found Ateyt's Antique Weapon Shoppe.
  1828 | D:2      | Killed Sigmund
  1829 | D:2      | Reached skill level 5 in Stealth
  1829 | D:2      | Reached skill level 5 in Hexes
  1829 | D:2      | Reached skill level 1 in Ice Magic
  1829 | D:2      | Reached XP level 4. HP: 21/21 MP: 6/10
  1829 | D:2      | Reached XP level 5. HP: 24/24 MP: 6/11
  2445 | D:3      | Noticed Ijyb
  2453 | D:3      | Killed Ijyb
  2471 | D:3      | Noticed Natasha
  2480 | D:3      | Killed Natasha
  2481 | D:3      | Reached XP level 6. HP: 26/28 MP: 9/12
  2792 | D:3      | Noticed Natasha
  2798 | D:3      | Killed Natasha
  3135 | D:3      | Noticed Natasha
  3138 | D:3      | Killed Natasha
  3184 | D:3      | Found a runed translucent door.
  3185 | D:3      | Noticed Crazy Yiuf
  3192 | D:3      | Killed Crazy Yiuf
  3488 | D:4      | Found a burning altar of Makhleb.
  3530 | D:4      | Found a runed translucent gate.
  3530 | D:4      | Found a runed translucent gate.
  3530 | D:4      | Found a runed translucent gate.
  3531 | D:4      | Noticed safid's ghost (amateur MfIE)
  3531 | D:4      | Noticed leafyfresh's ghost (amateur GnDe)
  3533 | D:4      | Noticed Anandil's ghost (amateur DsFi)
  3713 | D:4      | Found Taof Sea's Weapon Shop.
  3732 | D:4      | Noticed Eustachio
  3791 | D:4      | Killed Eustachio
  3792 | D:4      | Reached skill level 6 in Stealth
  3792 | D:4      | Reached XP level 7. HP: 31/32 MP: 11/14
  3797 | D:4      | Learned a level 3 spell: Confusing Touch
  3801 | D:4      | Learned a level 3 spell: Tukima's Dance
  3817 | D:4      | Found Xysy's Lightly-Used Armoury.
  3889 | D:4      | HP: 1/32 [orc priest/divine providence (12)]
  3889 | D:4      | Slain by an orc wizard

Illustrated notes

Levels and vault maps discovered:
D:1:      minmay_arrival_five_plusses, layout_basic, minmay_heptomino_h4
D:2:      layout_loops_ring, serial_shops, shop, uniq_sigmund
D:3:      layout_loops_ring, mrwooster_statue_mirror, uniq_natasha, uniq_ijyb,
          uniq_crazy_yiuf_cottage
D:4:      layout_gridville, mainiacjoe_overflow_paths, serial_shops, shop,
          gammafunk_ghost_cemetery, minivault_1, minmay_shop_damaged,
          uniq_eustachio

Skill      XL: |  1  2  3  4  5  6 |
---------------+-------------------+-----
Spellcasting   | 3 4 |  4.2
Dodging        | 3 4 |  4.5
Hexes          | 4 5 |  5.9
Short Blades   | 2 3 |  3.0
Stealth        | 5 6 |  6.0
Ice Magic      | 1 2 |  2.8

Action                     |  1- 3 |  4- 6 |  7- 9 || total
---------------------------+-------+-------+-------++-------
  Melee: Dagger            |   122 |    74 |     9 ||   205
         Punch             |     1 |       |       ||     1
   Cast: Ensorcelled Hiber |     5 |    15 |     2 ||    22
    Use: Scroll            |     2 |     3 |       ||     5
         Potion            |       |       |     1 ||     1
   Stab: Sleeping          |    16 |    20 |       ||    36
 Armour: Robe              |    12 |     4 |     2 ||    18
  Dodge: Dodged            |    97 |    52 |    15 ||   164
